 Dungeon Crawl Stone Soup version 0.20-a0-275-ga90a6c4 (webtiles) character file.

9074 Leibowitz the Nimble (level 10, -13/88 HPs)
             Began as a Demigod Gladiator on Dec 10, 2016.
             Mangled by a hill giant
             ... wielding a +0 giant club
              (41 damage)
             ... on level 10 of the Dungeon.
             The game lasted 00:28:39 (11725 turns).

Leibowitz the Nimble (Demigod Gladiator)           Turns: 11725, Time: 00:28:40

Health: -13/88     AC:  5    Str: 18    XL:     10   Next: 98%
Magic:  13/13      EV: 19    Int: 12    God:
Gold:   187        SH:  7    Dex: 22    Spells: 9/9 levels left

rFire  . . .     SeeInvis +     a - +1 rapier (venom)
rCold  . . .     Gourm    .     b - +0 leather armour
rNeg   + . .     Faith    .     u - +0 buckler
rPois  .         Spirit   .     t - +0 helmet {SInv}
rElec  .         Reflect  .     q - +0 cloak
rCorr  .         Harm     .     (no gloves)
MR     +....                    (no boots)
Stlth  +++++.....               n - amulet of regeneration
                                G - ring of stealth
                                r - ring of positive energy

@: no status effects
A: high mp 1
a: no special abilities


You were on level 10 of the Dungeon.
You were not hungry.

You visited 1 branch of the dungeon, and saw 10 of its levels.
You also visited: Sewer.

You collected 366 gold pieces.
You spent 179 gold pieces at shops.

Inventory:

Hand Weapons
 a - a +1 rapier of venom (weapon)
Missiles
 s - 2 throwing nets (quivered)
Armour
 b - a +0 leather armour (worn)
 k - a +2 helmet
 q - a +0 cloak (worn)
 t - a +0 helmet of see invisible (worn)
 u - a +0 buckler (worn)
Jewellery
 n - an amulet of regeneration (around neck)
 p - an uncursed ring of fire
 r - a ring of positive energy (left hand)
 G - a ring of stealth (right hand)
Wands
 d - a wand of iceblast (3/15)
 e - a wand of iceblast (5/15)
 A - a wand of paralysis (10/24)
 B - a wand of slowing (18/48)
 D - a wand of iceblast (11/15)
Scrolls
 c - 2 scrolls of remove curse
 g - 4 scrolls of recharging
 h - 7 scrolls of identify
 m - 2 scrolls of teleportation
 o - 5 scrolls of magic mapping
 x - a scroll of immolation
 y - 2 scrolls of enchant weapon
Potions
 i - 4 potions of lignification
 j - 4 potions of curing
 z - 2 potions of invisibility
 C - 2 potions of flight
Comestibles
 f - 9 bread rations
 l - 8 fruits
 v - 4 meat rations
 w - a slice of pizza


   Skills:
 * Level 7.9 Fighting
 + Level 8.0 Short Blades
 + Level 2.1 Throwing
 + Level 4.2 Armour
 * Level 8.1 Dodging
 * Level 8.0 Stealth
 * Level 6.2 Shields
 + Level 0.1 Evocations


You had 9 spell levels left.
You didn't know any spells.

Dungeon Overview and Level Annotations

Branches:
Dungeon (10/15)            Temple (0/1) D:4            Lair (0/6) D:8
    Orc: D:9-12

Shops:
D:4 *   D:7 *   D:10 [}

Annotations:
D:4 alpinistek's ghost, amateur DsIE


Innate Abilities, Weirdness & Mutations

You have an increased reservoir of magic. (+10% MP)


Message History

You kill the hound!
You barely miss the hill giant.
The hill giant is severely wounded.
There is an escape hatch in the ceiling here.
You block the hill giant's attack.
You see here a leather armour.
There is a stone staircase leading up here.
You hit the hill giant but do no damage.
The hill giant is almost dead.
The hill giant barely misses you.
You hit the hill giant.
The hill giant looks even sicker.
The hill giant is almost dead.
You barely miss the hill giant.
The hill giant is almost dead.
The hill giant hits you with a giant club!!
You hit the hill giant.
The hill giant looks as sick as possible!
The hill giant is almost dead.
The hill giant hits you with a giant club!!!
You die...

#.# #..######.......###..
#.# #..............>.....
#.# #....................
#.# #..##################
#.# #..# #.# #..# #.# #..#
#.####..##################
#........@C...[...<.†.....
#######..###....#####.....
#..# #....# #..... #..#
#....# #..... #..# #....#
#..... #..#
#.............. #..#
#.............. ...<
......$........ ###......


You could see a hill giant.

Vanquished Creatures
  An unseen horror (D:10)
  2 hill giants
  Pikel (D:9)
  An elephant (D:8)
  Psyche (D:9)
  2 trolls
  Grinder (D:5)
  2 hippogriffs
  A yak (D:8)
  A spriggan (D:7)
  A basilisk (D:8)
  4 orc warriors
  A black bear (D:8)
  3 ice beasts
  3 sky beasts
  Purgy (Sewer)
  A hornet zombie (D:6)
  5 ogres
  A necrophage (D:9)
  4 centaurs
  A crocodile (D:8)
  4 bullfrogs
  A scorpion (D:6)
  8 killer bees
  3 wights
  A howler monkey (D:4)
  A centaur zombie (D:10)
  5 crimson imps
  A bullfrog zombie (D:9)
  7 orc priests
  8 hounds
  A jelly (D:8)
  A gnoll shaman (D:4)
  A quasit (D:10)
  A bullfrog skeleton (D:9)
  2 iguanas
  5 orc wizards
  6 worker ants
  A killer bee zombie (D:10)
  A hound zombie (D:5)
  12 adders
  11 gnolls
  5 shadow imps
  An adder zombie (D:8)
  5 worms
  4 dart slugs
  8 leopard geckos
  26 orcs
  4 giant cockroaches
  5 goblins
  7 hobgoblins
  7 jackals
  8 kobolds
  8 quokkas
  7 ball pythons
  8 bats
  13 frilled lizards
  A jackal skeleton (D:6)
  A leopard gecko zombie (D:5)
  A quokka skeleton (D:9)
  8 rats
246 creatures vanquished.

Vanquished Creatures (others)
  2 slaves (D:9)
  A centaur (D:9)
3 creatures vanquished.

Grand Total: 249 creatures vanquished

Notes
Turn   | Place    | Note
-------+----------+-------------------------------------------
     0 | D:1      | Leibowitz the Demigod Gladiator began the quest for the Orb.
     0 | D:1      | Reached XP level 1. HP: 17/17 MP: 3/3
   249 | D:1      | Reached skill level 1 in Stealth
   249 | D:1      | Reached XP level 2. HP: 17/24 MP: 4/4
   930 | D:2      | Reached XP level 3. HP: 24/29 MP: 5/5
  1004 | D:2      | Found a hide-covered altar of Uskayaw.
  1004 | D:2      | Noticed a dagger
  1004 | D:2      | Noticed a dagger
  1275 | D:2      | HP: 1/29 [worm (10)]
  1862 | D:2      | HP: 1/29 [gnoll/spear (6)]
  2210 | D:2      | Reached XP level 4. HP: 5/37 MP: 6/6
  2777 | D:3      | Found a shimmering altar of Xom.
  2814 | D:3      | Found a basalt altar of Yredelemnul.
  3070 | D:3      | Reached skill level 1 in Armour
  3415 | D:3      | Reached XP level 5. HP: 8/42 MP: 7/7
  3956 | D:4      | Noticed alpinistek's ghost (amateur DsIE)
  4142 | D:4      | Noticed an ogre
  4145 | D:4      | Killed an ogre
  4452 | D:4      | Reached XP level 6. HP: 37/50 MP: 8/8
  4810 | D:4      | Reached skill level 1 in Shields
  4958 | D:4      | Found a snail-covered altar of Cheibriados.
  5215 | D:4      | Found a staircase to the Ecumenical Temple.
  5463 | D:4      | Reached skill level 5 in Short Blades
  5463 | D:4      | Reached skill level 5 in Stealth
  5463 | D:4      | Reached XP level 7. HP: 63/63 MP: 9/9
  5472 | D:4      | Found Estrevom's Assorted Antiques.
  5631 | D:4      | Reached XP level 8. HP: 67/70 MP: 10/10
  5792 | D:5      | Entered Level 5 of the Dungeon
  5902 | D:5      | Reached skill level 5 in Shields
  5915 | D:5      | Found a sacrificial altar of Ru.
  6099 | D:5      | Found a glowing drain.
  6104 | Sewer    | Entered a sewer
  6136 | Sewer    | Noticed Purgy
  6176 | Sewer    | Killed Purgy
  6425 | D:5      | Found a snail-covered altar of Cheibriados.
  6693 | D:5      | Noticed Grinder
  6706 | D:5      | Killed Grinder
  7192 | D:6      | Found a burning altar of Makhleb.
  7221 | D:6      | Reached XP level 9. HP: 71/78 MP: 12/12
  7332 | D:6      | Found an ancient bone altar of Kikubaaqudgha.
  7332 | D:6      | Found a deep blue altar of Sif Muna.
  8294 | D:7      | Found Cifecotim's Assorted Antiques.
  8304 | D:7      | Bought a scroll labeled ZEHUCZ NEOR for 26 gold pieces
  8304 | D:7      | Bought a grey potion for 23 gold pieces
  8304 | D:7      | Bought a bronze ring for 130 gold pieces
  8392 | D:7      | Noticed a hill giant
  8395 | D:7      | Killed a hill giant
  9514 | D:8      | Found a staircase to the Lair.
  9514 | D:8      | Noticed an elephant
  9775 | D:8      | Reached XP level 10. HP: 86/86 MP: 13/13
  9971 | D:8      | Killed an elephant
 10608 | D:9      | Noticed Pikel
 10631 | D:9      | Killed Pikel
 11296 | D:9      | Noticed Psyche
 11303 | D:9      | Killed Psyche
 11380 | D:10     | Entered Level 10 of the Dungeon
 11423 | D:10     | Found Vaobb's Armour Emporium.
 11430 | D:10     | Noticed an unseen horror
 11460 | D:10     | Killed an unseen horror
 11531 | D:10     | Noticed a hill giant
 11554 | D:10     | Killed a hill giant
 11588 | D:10     | Found Guinke's Gadget Shoppe.
 11681 | D:10     | Noticed a hill giant
 11725 | D:10     | Mangled by a hill giant

Vault maps used:
D:1:      lemuel_arrival_hallway, nrook_mini_backslash
D:2:      dancing_weapons_uskayaw
D:3:      lemuel_crystal_altar, led_xom_imps, roderic_lattice_a,
          serial_bayou_pond_d
D:4:      lemuel_coloured_pillars_altar, first_bread, serial_shops, shop
D:5:      gup_sewer_entry_spiral, hangedman_feature_mirror, uniq_grinder
D:6:      grunt_temple_overflow_open
D:7:      serial_shops, shop, the_bakery, kennysheep_generic_room_10
D:8:      david_lair_generic
D:9:      uniq_psyche, uniq_pikel
D:10:     lemuel_flame_loot_2, serial_shops, shop_coins,
          nicolae_shop_behind_doors, shop, shop_fountains, bh_walls_and_bars
Sewer:    sewer_co_purgy_island

Skill      XL: |  1  2  3  4  5  6  7  8  9 10 |
---------------+-------------------------------+-----
Dodging        | 3 4 6 7 8 |  8.1
Stealth        | 1 5 6 7 8 |  8.0
Fighting       | 2 6 7 |  7.9
Short Blades   | 3 4 5 6 7 8 |  8.0
Armour         | 1 3 4 |  4.2
Throwing       | 2 |  2.1
Shields        | 4 5 6 |  6.2
Evocations     | |  0.1

Action                   |  1- 3 |  4- 6 |  7- 9 | 10-12 || total
-------------------------+-------+-------+-------+-------++-------
Melee: Rapier            |   164 |   283 |   444 |   235 ||  1126
Throw: Throwing net      |       |     3 |     3 |     2 ||     8
Evoke: Wand              |       |       |     1 |     1 ||     2
  Use: Potion            |       |     5 |     6 |       ||    11
       Scroll            |       |       |    11 |     1 ||    12
 Stab: Sleeping          |     2 |     5 |    25 |     7 ||    39
       Held in net/web   |       |     1 |     4 |     2 ||     7
       Paralysed         |       |       |     1 |       ||     1
  Eat: Chunk             |     3 |    12 |    14 |     7 ||    36
Armor: Leather armour    |    46 |    59 |    46 |    30 ||   181
       Skin              |       |     6 |       |       ||     6
Dodge: Dodged            |   120 |   174 |   258 |   142 ||   694
Block: Buckler           |       |    14 |    93 |    49 ||   156
